AoeStats
← Reinhardlunsen

Black Forest

509065797Analyzed
4v4 RM · 6d ago on Sep 25, 2026· 40m 32s· 8 players
Game mode
Random Map
Map size
Large (8 player)
Population
200
Speed
Normal
Resources
Standard
Victory
Conquest
Starting age
Dark Age
Ending age
Imperial Age
RankedLock teamsTeams togetherTeam positionsShared explorationLock speedFull tech treeHidden civsTurbo modeCheats
Victory
Defeat
🇨🇳 Danes · China
1693
+11
🇨🇳 Ethiopians · China
1688
+11
🇨🇳 Japanese · China
1587
+15
🇨🇳 Magyars · China
1581
+16
🇺🇸 Mongols · United States
1601
-14
🇩🇪 Dravidians · Germany
1587
-14
🇩🇪 Saxons · Germany
1565
-13
1542
-12
Lastmantillidie
11:53 Feudal Age
12:35 Double-Bit Axe
15:22 Castle Age
16:01 Fishing Lines
16:33 Bow Saw
16:43 Gillnets
21:11 Fervor
23:31 Loom
24:21 Wheelbarrow
24:47 Horse Collar
25:11 Stone Mining
25:12 Gold Mining
25:14 Fletching
26:44 Hand Cart
29:57 Imperial Age
28:20 Bodkin Arrow
29:19 Ballistics
29:23 Padded Archer Armor
29:15 Town Watch
30:09 Stone Shaft Mining
30:09 Gold Shaft Mining
30:29 Leather Archer Armor
30:48 Bloodlines
30:39 Husbandry
31:07 Conscription
30:25 Elite Mangudai
31:42 Drill
32:30 Chemistry
31:55 Capped Ram
33:06 Bracer
33:29 Thumb Ring
33:50 Parthian Tactics
34:10 Hoardings
34:21 Siege Engineers
34:54 Masonry
34:45 Siege Ram
39:20 Murder Holes
39:53 Onager
KnightLifeAoC
1:16 Loom
11:00 Feudal Age
12:23 Double-Bit Axe
15:48 Town Watch
20:44 Castle Age
20:02 Fishing Lines
21:51 Bow Saw
21:24 Horse Collar
21:40 Gillnets
21:44 Horse Collar
25:36 Heavy Plow
30:57 Imperial Age
29:05 Wheelbarrow
30:38 Fletching
31:40 Bodkin Arrow
32:08 Ballistics
32:48 Chemistry
31:41 Elite Elephant Archer
32:27 Thumb Ring
32:23 Bracer
33:39 Padded Archer Armor
35:05 Leather Archer Armor
36:36 Ring Archer Armor
36:23 Husbandry
Reinhardlunsen
10:55 Feudal Age
14:53 Castle Age
14:10 Double-Bit Axe
14:05 Horse Collar
15:50 Bow Saw
15:41 Heavy Plow
19:30 Loom
24:16 Wheelbarrow
25:21 Gold Mining
26:34 Hand Cart
30:56 Imperial Age
29:03 Scale Mail Armor
29:14 Forging
30:01 Stone Mining
30:48 Gold Shaft Mining
31:29 Chain Mail Armor
31:49 Iron Casting
31:01 Capped Ram
32:09 Pikeman
32:49 Squires
33:21 Plate Mail Armor
32:25 Siege Ram
33:01 Halberdier
34:36 Conscription
34:31 Fletching
35:57 Caravan
36:18 Bodkin Arrow
36:41 Shield Wall
37:28 Bracer
37:36 Siege Engineers
38:55 Elite Hearth Troop
Yucatan_water_supremacy
0:40 Loom
13:22 Feudal Age
14:15 Town Watch
16:27 Fletching
21:02 Double-Bit Axe
27:13 Castle Age
27:50 Bodkin Arrow
30:00 Horse Collar
32:18 Wheelbarrow
34:01 Hand Cart
35:51 Gold Mining
39:48 Imperial Age
38:03 Stone Mining
39:05 Caravan
41:36 Chemistry
40:38 Bracer
41:01 Ballistics
mongo
13:13 Feudal Age
13:47 Double-Bit Axe
16:37 Castle Age
17:36 Bow Saw
19:58 Fishing Lines
21:19 Gillnets
21:30 Horse Collar
28:10 Imperial Age
26:19 Wheelbarrow
26:13 Fletching
26:17 Gold Mining
26:52 Bodkin Arrow
27:24 Ballistics
27:15 Padded Archer Armor
28:17 Gold Shaft Mining
27:34 Stone Mining
28:16 Onager
29:34 Siege Onager
31:56 Two-Man Saw
31:12 Siege Engineers
32:33 Crossbowman
33:39 Royal Heirs
33:24 Arbalester
34:09 Thumb Ring
34:50 Bracer
39:07 Caravan
整点幽默的
0:53 Loom
11:31 Feudal Age
11:40 Man-at-Arms
12:19 Double-Bit Axe
12:25 Arson
14:50 Fletching
24:14 Castle Age
22:30 Gold Mining
22:57 Scale Mail Armor
24:00 Forging
24:09 Stone Mining
25:37 Chain Mail Armor
25:24 Horse Collar
27:07 Iron Casting
28:00 Squires
30:28 Bow Saw
31:30 Fishing Lines
33:33 Wheelbarrow
33:13 Town Watch
37:59 Imperial Age
37:32 Gold Shaft Mining
38:08 Elite Varangian Guard
39:11 Caravan
40:24 Plate Mail Armor
42:11 Blast Furnace
Hash-
6:00 Loom
8:55 Feudal Age
9:03 Man-at-Arms
11:01 Arson
11:27 Double-Bit Axe
19:35 Castle Age
17:55 Horse Collar
18:32 Fletching
20:16 Bodkin Arrow
20:56 Bow Saw
21:25 Town Watch
27:17 Wheelbarrow
29:52 Hand Cart
31:43 Crossbowman
32:28 Thumb Ring
35:31 Imperial Age
34:29 Ballistics
34:29 Elite Skirmisher
35:31 Treadmill Crane
35:43 Guard Tower
35:36 Arbalester
37:26 Chemistry
35:53 Arbalester
38:00 Chemistry
37:14 Bracer
37:14 Padded Archer Armor
37:10 Capped Ram
37:47 Onager
40:32 Murder Holes
41:09 Conscription
41:21 Leather Archer Armor
枯山水
3:35 Loom
11:14 Feudal Age
14:46 Castle Age
12:45 Double-Bit Axe
15:47 Bow Saw
18:33 Loom
21:21 Fishing Lines
21:47 Gold Mining
24:11 Wheelbarrow
24:26 Horse Collar
28:13 Imperial Age
26:11 Scale Barding Armor
26:52 Gillnets
27:50 Chain Barding Armor
28:28 Bloodlines
28:14 Cavalier
29:17 Conscription
29:36 Plate Barding Armor
29:14 Bloodlines
29:04 Husbandry
29:32 Paladin
32:06 Two-Man Saw
34:43 Chemistry
34:16 Hand Cart
35:37 Siege Engineers
35:14 Treadmill Crane
35:55 Ballistics
37:01 Fletching
38:16 Corvinian Army
37:37 Elite Magyar Huszar
38:52 Caravan
41:35 Coinage
Connection lost

Rejoining the realm…

Still unreachable

The connection could not be restored.

Session expired

The server has moved on; the page needs a fresh start.